 Dungeon Crawl Stone Soup version 0.29.1-15-g9cfb28693d (webtiles) character file.

Game seed: 7287676297149249628

39 MacCMillion the Caller (level 3, 0/14 HPs)
             Began as a Felid Summoner on Apr 5, 2023.
             Succumbed to an adder's poison
             ... on level 1 of the Dungeon.
             The game lasted 00:03:46 (1195 turns).

MacCMillion the Caller (Felid Summoner)             Turns: 1195, Time: 00:03:46

Health: 0/14       AC:  1    Str:  4    XL:     3   Next: 26%
Magic:  4/8        EV: 17    Int: 18    God:
Gold:   10         SH:  0    Dex: 16    Spells: 6/7 levels left
                                        Lives:  0   Deaths: 0

rFire   . . .      SeeInvis +   (weapon unavailable)
rCold   . . .      Faith    .   (shield unavailable)
rNeg    . . .      Spirit   .   (body armour unavailable)
rPois   .          Reflect  .   (helmet unavailable)
rElec   .          Harm     .   (cloak unavailable)
rCorr   .          Rampage  .   (gloves unavailable)
Will    .....                   (boots unavailable)
Stlth   ++........              (no amulet)
HPRegen 0.04/turn               (no ring)
MPRegen 0.11/turn               (no ring)

@: lethally poisoned (0 -> -4), quick
A: very small, claws 1, fangs 3, see invisible, speed 1, shaggy fur 1, stealthy
paws, no weapons or thrown items, no armour, multi-lived
a: no special abilities


You were on level 1 of the Dungeon.
You visited 1 branch of the dungeon, and saw 2 of its levels.

You collected 10 gold pieces.

Inventory:

Scrolls
 b - a scroll of fear {unknown}
 c - a scroll of immolation {unknown}
Potions
 a - a potion of magic


   Skills:
 - Level 2.6 Dodging
 - Level 2.6 Stealth
 + Level 2.8 Spellcasting
 * Level 4.6 Summonings


You had 6 spell levels left.
You knew the following spells:

 Your Spells              Type           Power      Damage    Failure   Level
a - Summon Small Mammal   Summ           76%        N/A       2%          1

Your spell library contained the following spells:

 Spells                   Type           Power      Damage    Failure   Level
 Call Imp                 Summ           19%        N/A       3%          2
 Call Canine Familiar     Summ           19%        N/A       8%          3
 Summon Guardian Golem    Hex/Summ       10%        N/A       19%         3
 Summon Lightning Spire   Summ/Air       10%        N/A       54%         4


Dungeon Overview and Level Annotations

Branches:
Dungeon (2/15)

Altars:


Innate Abilities, Weirdness & Mutations

You have sharp claws.
You have razor-sharp teeth.
You have supernaturally acute eyesight. (SInv)
You cover ground quickly. (Speed+)
You are covered in fur. (AC +1)
Your paws help you pounce on unaware monsters.
You are incapable of wielding weapons or throwing items.
You cannot wear armour.
You gain extra lives every three experience levels.


Message History

You swap places.
You feel sick. The adder bites your quokka.
Your quokka is poisoned.
The adder poisons your quokka!
You feel sick. The adder bites your bat.
Your bat is poisoned.
The adder poisons your bat!
Your bat barely misses the adder.
Your quokka misses the adder.
You feel sick.
Your bat closely misses the adder.
Your bat misses the adder. The adder barely misses your bat.
Your quokka closely misses the adder.
You feel sick.
You are no longer poisoned.
Your quokka dies!
Your quokka's corpse disappears in a puff of smoke!
Your bat completely misses the adder.
You are too injured to fight recklessly!
Casting: Summon Small Mammal (safe; 2% risk of failure)
Confirm with . or Enter, or press ? or * to list all spells.
Your bat hits the adder. Your bat misses the adder.
Your bat closely misses the adder.
Your bat dies!
Your bat's corpse disappears in a puff of smoke!
Your bat hits the adder but does no damage.
Casting: Summon Small Mammal (safe; 2% risk of failure)
Confirm with . or Enter, or press ? or * to list all spells.
Your bat barely misses the adder.
The adder attacks as you move away! The adder closely misses you.
Your bat barely misses the adder.
Your bat hits the adder.
Casting: Summon Small Mammal (safe; 2% risk of failure)
Confirm with . or Enter, or press ? or * to list all spells.
Your bat disappears in a puff of smoke!
Your bat completely misses the adder.
The adder bites you.
* * * LOW HITPOINT WARNING * * *
You are lethally poisoned!
The adder poisons you! The adder barely misses you.
The adder attacks as you move away! The adder misses you.
* * * LOW HITPOINT WARNING * * *
You feel sick.
Okay, then.
You swap places.
You die...

## ### .# #.. .# #.. .# #.. .#
##.. .###### ##... .#....#
####....
##....####################....#..
##........(.....@rS.b....>.####..
##.....#############.....### ###
...........#####.........# ####
######...........###...>.# #...
........####.##..###.....# #.##
#######.# #.............#####.#
#.# ###....#..#.........#
##.######.#......#...#######
######.........#..#...#...##....#


You could see an adder (ally target), a friendly quokka (summoned) and a
friendly bat (summoned).

Vanquished Creatures (collateral kills)
  A gnoll (D:1)
  A dart slug (D:1)
  2 endoplasms
  3 giant cockroaches
  5 goblins
  2 quokkas (D:1)
  A ball python (D:2)
  6 kobolds (D:1)
  3 rats
24 creatures vanquished.

Vanquished Creatures (others)
  A plant (D:1)
1 creature vanquished.

Grand Total: 25 creatures vanquished

Notes
Turn   | Place    | Note
-------+----------+-------------------------------------------
     0 | D:1      | MacCMillion the Felid Summoner began the quest for the Orb.
     0 | D:1      | Reached XP level 1. HP: 7/7 MP: 4/4
   352 | D:1      | Reached XP level 2. HP: 11/11 MP: 3/6
  1007 | D:1      | Reached XP level 3. HP: 14/14 MP: 6/8
  1195 | D:1      | Succumbed to an adder's poison

Illustrated notes

Levels and vault maps discovered:
D:1:      erik_arrival_blinker_ship, layout_rooms, serial_bayou_pond_a,
          eino_curves_02
D:2:      layout_rooms, kennysheep_generic_room_6

Action                   || total
-------------------------++-------
 Cast: Summon Small Mamm ||    39
Dodge: Dodged            ||     8
